 Dungeon Crawl Stone Soup version 0.22.1-1-ga44c0e5 (webtiles) character file.

11999 harcile the Carver (level 11, -33/99 HPs)
             Began as a Hill Orc Fighter on Oct 30, 2018.
             Was the Champion of Okawaru.
             Killed from afar by an ogre mage (39 damage)
             ... with a bolt of cold
             ... on level 2 of the Orcish Mines.
             The game lasted 00:33:59 (12548 turns).

harcile the Carver (Hill Orc Fighter)              Turns: 12548, Time: 00:34:00

Health: -33/99     AC: 12    Str: 22    XL:     11   Next: 86%
Magic:  11/11      EV:  9    Int:  8    God:    Okawaru [******]
Gold:   887        SH: 16    Dex: 11    Spells: 10/10 levels left

rFire    + . .     SeeInvis .   a - +4 demon blade (venom)
rCold    . . .     Gourm    .   z - +0 shield
rNeg     . . .     Faith    .   p - +2 scale mail {rF+}
rPois    .         Spirit   .   (no helmet)
rElec    .         Reflect  +   x - +0 cloak
rCorr    +         Harm     .   D - +0 pair of gloves
MR       .....                  (no boots)
Stlth    ..........             h - +4 amulet of reflection
HPRegen  0.26/turn              w - ring of resist corrosion
MPRegen  0.12/turn              (no ring)

@: about to teleport, berserk cooldown, slowed, very slow
A: no striking features
a: Heroism, Finesse, Renounce Religion


You were on level 2 of the Orcish Mines.
You worshipped Okawaru.
Okawaru was exalted by your worship.
You were hungry.

You visited 2 branches of the dungeon, and saw 13 of its levels.

You collected 1095 gold pieces.
You spent 208 gold pieces at shops.

Inventory:

Hand Weapons
 a - a +4 demon blade of venom (weapon)
 b - a +2 long sword of flaming
 A - the +3 arbalest of Valiance {penet, rElec rPois rC+ SInv}
   (You found it on level 7 of the Dungeon)

   Ammo fired by it will pass through the targets it hits, potentially hitting
   all targets in its path until it reaches maximum range.
   It protects you from cold.
   It insulates you from electricity.
   It protects you from poison.
   It lets you see invisible.
 N - a +4 scimitar
Missiles
 G - 4 poisoned javelins (quivered)
Armour
 p - a +2 scale mail of fire resistance (worn)
 x - a +0 cloak (worn)
 z - a +0 shield (worn)
 D - a +0 pair of gloves (worn)
 E - the +0 robe of Calculation {rF- rC+ Str+5}
   (You found it on level 7 of the Dungeon)

   It affects your strength (+5).
   It makes you vulnerable to fire.
   It protects you from cold.
 M - a +0 plate armour
Jewellery
 h - a +4 amulet of reflection (around neck)
 k - an uncursed amulet of magic regeneration
 m - a +4 amulet of reflection
 w - a ring of resist corrosion (left hand)
Wands
 r - a wand of disintegration (11)
 u - a wand of polymorph (25)
 v - a wand of clouds (6)
 y - a wand of paralysis (41)
 I - a wand of iceblast (9)
Scrolls
 e - a scroll of teleportation
 g - 2 scrolls of amnesia
 n - 6 scrolls of identify
 F - 2 scrolls of holy word
 H - a scroll of fog
Potions
 c - a potion of magic
 d - 2 potions of might
 i - a potion of agility
 j - a potion of mutation
 l - 3 potions of heal wounds
 o - 6 potions of curing
 s - 3 potions of ambrosia
 B - a potion of flight
Comestibles
 f - 18 rations
 q - 15 chunks of flesh


   Skills:
 + Level 10.0 Fighting
 + Level 12.9 Long Blades
 + Level 8.2 Armour
 + Level 11.1 Shields


You had 10 spell levels left.
You didn't know any spells.
Your spell library contained the following spells:

 Spells                   Type           Power        Failure   Level  Hunger
 Animate Skeleton         Necr           N/A          86%         1    ##.....
 Apportation              Tloc           #.....       86%         1    ##.....
 Confusing Touch          Hex            #.....       86%         1    ##.....
 Summon Small Mammal      Summ           #...         86%         1    ##.....


Dungeon Overview and Level Annotations

Branches:
Dungeon (11/15)            Temple (0/1) D:6             Orc (2/2) D:10
    Elf (0/3) Orc:2
   Lair: D:8-11

Altars:
Okawaru
Uskayaw

Shops:
D:7 %(!%   D:9 %

Annotations:
Orc:1 exclusion: oklob plant


Message History

Things that are here:
a giant club; an ogre skeleton
Items here: ))) [ a giant club x2; a flail; a robe An ogre mage comes into view.
It is wielding a whip.
You see here a giant club.
The ogre mage shouts!
A two-headed ogre comes into view. It is wielding two giant clubs.
An ogre comes into view. It is wielding a giant spiked club.
The ogre shouts!
The two-headed ogre shouts in stereo!
You hear two shouts!
You hear a shout!
You hear two shouts!
The ogre mage hits you but does no damage.
The ogre mage gestures at you while chanting.
The crystal spear hits you!
* * * LOW HITPOINT WARNING * * *
As you read the scroll of teleportation, it crumbles to dust.
You feel strangely unstable.
The ogre mage gestures at you while chanting.
The bolt of cold hits you!
You die...

##.........<....
##...............
#................
#................##
##..........O.....##
#...................
##............#......
##......^O##.....#..o
#......).@#.....##.#
#.....))).......#...
#.......#........#
##..............##
#..)....)###....##.#.
#....#.)## ##........
##.......#####.......
##.........## ##.....
#...#.......# ##.##


You could see a two-headed ogre and an ogre mage.

Vanquished Creatures
  An ogre mage (Orc:2)
  5 two-headed ogres
  2 orc sorcerers (Orc:2)
  A tengu conjurer (D:10)
  Sigmund (D:4)
  A wyvern (D:10)
  5 yaks (D:5)
  A hungry ghost (D:11)
  A warg (Orc:1)
  3 water moccasins
  2 ice beasts
  10 orc warriors
  A phantom (D:4)
  A black bear (D:7)
  2 sky beasts
  7 ogres
  3 centaurs
  5 bullfrogs
  A wyvern skeleton (D:10)
  2 scorpions
  A water moccasin skeleton (D:7)
  5 wights (D:8)
  5 howler monkeys
  4 crimson imps
  A centaur zombie (D:9)
  2 bullfrog zombies (D:8)
  11 hounds
  A jelly (D:7)
  3 centaur skeletons
  9 orc priests
  7 iguanas
  11 orc wizards
  9 worker ants
  A killer bee zombie (D:8)
  A hound skeleton (D:5)
  4 gnolls (D:7)
  A howler monkey skeleton (D:4)
  6 adders
  2 shadow imps
  An ooze (D:1)
  4 adder skeletons
  A worm (D:3)
  2 dart slugs (D:1)
  7 leopard geckos
  50 orcs
  12 bats
  10 giant cockroaches
  5 goblins
  10 hobgoblins
  13 jackals
  8 kobolds
  2 quokkas
  4 ball pythons
  8 frilled lizards
  A jackal skeleton (D:6)
  A jackal zombie (D:8)
  A leopard gecko skeleton (D:5)
  9 rats
288 creatures vanquished.

Vanquished Creatures (others)
  Sonja (D:11)
  A centaur (D:6)
2 creatures vanquished.

Grand Total: 290 creatures vanquished

Notes
Turn   | Place    | Note
-------+----------+-------------------------------------------
     0 | D:1      | harcile the Hill Orc Fighter began the quest for the Orb.
     0 | D:1      | Reached XP level 1. HP: 19/19 MP: 1/1
   237 | D:1      | Reached XP level 2. HP: 25/27 MP: 2/2
   360 | D:1      | Reached XP level 3. HP: 24/33 MP: 3/3
   879 | D:2      | Reached skill level 3 in Long Blades
  1400 | D:3      | Reached XP level 4. HP: 40/40 MP: 4/4
  1475 | D:3      | Found an iron altar of Okawaru.
  1732 | D:3      | Became a worshipper of Warmaster Okawaru
  2075 | D:3      | Found a hide-covered altar of Uskayaw.
  2598 | D:4      | Noticed a centaur
  2604 | D:3      | Reached XP level 5. HP: 42/47 MP: 5/5
  2636 | D:4      | Noticed Sigmund
  2827 | D:4      | Noticed a phantom
  2924 | D:4      | Killed a phantom
  2924 | D:4      | Reached skill level 4 in Long Blades
  3091 | D:4      | Reached XP level 6. HP: 42/53 MP: 6/6
  3133 | D:4      | Reached * piety under Okawaru
  3150 | D:4      | Reached skill level 5 in Long Blades
  3173 | D:4      | Killed Sigmund
  3173 | D:4      | Reached skill level 5 in Fighting
  3173 | D:4      | Reached skill level 5 in Shields
  3173 | D:4      | Reached XP level 7. HP: 17/61 MP: 7/7
  3512 | D:4      | Reached skill level 5 in Armour
  3791 | D:5      | Entered Level 5 of the Dungeon
  3938 | D:5      | Reached skill level 6 in Long Blades
  4006 | D:5      | Reached ** piety under Okawaru
  4155 | D:5      | Reached XP level 8. HP: 62/69 MP: 8/8
  4397 | D:5      | Noticed a yak
  4397 | D:5      | Noticed a yak
  4397 | D:5      | Noticed a yak
  4404 | D:5      | Noticed a yak
  4405 | D:5      | Noticed a yak
  4411 | D:5      | Killed a yak
  4419 | D:5      | Killed a yak
  4419 | D:5      | Reached skill level 7 in Long Blades
  4421 | D:5      | Killed a yak
  4426 | D:5      | Killed a yak
  4434 | D:5      | Killed a yak
  4434 | D:5      | Reached *** piety under Okawaru
  4434 | D:5      | Reached skill level 8 in Long Blades
  4494 | D:5      | HP: 1/71 [something (5)]
  4500 | D:5      | Reached XP level 9. HP: 13/78 MP: 9/9
  5559 | D:6      | Found a staircase to the Ecumenical Temple.
  5677 | D:7      | Found Fucwouhoigg's Distillery.
  5685 | D:7      | Reached skill level 9 in Long Blades
  5735 | D:7      | Got an ivory arbalest
  5742 | D:7      | Bought a potion of heal wounds for 80 gold pieces
  5742 | D:7      | Bought a potion of curing for 48 gold pieces
  5742 | D:7      | Bought a potion of berserk rage for 80 gold pieces
  5802 | D:7      | Found Kewarghat's Food Emporium.
  5826 | D:7      | Reached **** piety under Okawaru
  5924 | D:7      | Got a ripped robe
  6013 | D:7      | Received a gift from Okawaru
  6082 | D:7      | Found Kapryf Sagit's Food Shoppe.
  6366 | D:7      | Found Boluet's Weapon Shoppe.
  6376 | D:7      | Identified the +3 arbalest of Valiance {penet, rElec rPois
                  | rC+ SInv} (You found it on level 7 of the Dungeon)
  6395 | D:7      | Identified the cursed +0 robe of Calculation {rF- rC+
                  | Str+5} (You found it on level 7 of the Dungeon)
  6567 | D:8      | Reached XP level 10. HP: 18/86 MP: 10/10
  7084 | D:8      | HP: 4/86 [orc priest/divine providence (13)]
  7544 | D:8      | Reached skill level 10 in Long Blades
  8997 | D:9      | Found Zuxuet's Food Shop.
  9107 | D:10     | Entered Level 10 of the Dungeon
  9299 | D:10     | Found a staircase to the Orcish Mines.
  9426 | D:10     | Noticed a two-headed ogre
  9882 | D:10     | Killed a two-headed ogre
  9882 | D:10     | Reached skill level 11 in Long Blades
 10127 | D:10     | Reached ***** piety under Okawaru
 10160 | D:10     | Noticed a two-headed ogre
 10172 | D:10     | Killed a two-headed ogre
 10472 | D:11     | Reached skill level 10 in Shields
 10487 | D:11     | Noticed Sonja
 10497 | D:11     | Killed Sonja
 10523 | D:11     | Noticed a two-headed ogre
 10528 | D:11     | Noticed a deep elf mage
 10609 | D:11     | Noticed an orc knight
 10829 | D:11     | Noticed a tengu warrior
 10834 | D:11     | Reached XP level 11. HP: 92/97 MP: 11/11
 10859 | Orc:1    | Entered Level 1 of the Orcish Mines
 11012 | Orc:1    | Noticed an oklob plant
 11214 | Orc:2    | Entered Level 2 of the Orcish Mines
 11230 | Orc:2    | Found a staircase to the Elven Halls.
 11266 | Orc:1    | Received a gift from Okawaru
 11322 | Orc:2    | Noticed an orc sorcerer
 11522 | Orc:2    | Killed an orc sorcerer
 11755 | Orc:2    | Reached skill level 12 in Long Blades
 12068 | Orc:2    | Noticed a two-headed ogre
 12071 | Orc:2    | Noticed an orc sorcerer
 12084 | Orc:2    | Killed a two-headed ogre
 12092 | Orc:2    | Killed an orc sorcerer
 12502 | Orc:2    | Noticed an ogre mage
 12506 | Orc:2    | Paralysed by an ogre mage for 5 turns
 12513 | Orc:2    | Noticed a two-headed ogre
 12519 | Orc:2    | Killed an ogre mage
 12525 | Orc:2    | Killed a two-headed ogre
 12526 | Orc:2    | Noticed a two-headed ogre
 12535 | Orc:2    | Killed a two-headed ogre
 12535 | Orc:2    | Reached ****** piety under Okawaru
 12535 | Orc:2    | Reached skill level 10 in Fighting
 12544 | Orc:2    | Noticed an ogre mage
 12545 | Orc:2    | Noticed a two-headed ogre
 12548 | Orc:2    | Killed from afar by an ogre mage

Skill      XL: |  1  2  3  4  5  6  7  8  9 10 11 |
---------------+----------------------------------+-----
Fighting       | 4 5 6 7 9 10 | 10.0
Long Blades    | 3 4 5 6 8 9 11 12 | 12.9
Shields        | 4 5 6 8 10 11 | 11.1
Armour         | 4 5 6 7 8 |  8.2

Action                   |  1- 3 |  4- 6 |  7- 9 | 10-12 || total
-------------------------+-------+-------+-------+-------++-------
Melee: Long sword        |   133 |   199 |   469 |    92 ||   893
       Unarmed           |       |       |     4 |       ||     4
       Scimitar          |       |       |       |   232 ||   232
       Demon blade       |       |       |       |   111 ||   111
  Use: Potion            |     2 |       |     3 |     1 ||     6
       Scroll            |       |       |    11 |    12 ||    23
 Stab: Sleeping          |       |       |       |     2 ||     2
  Eat: Chunk             |     2 |     6 |    11 |    15 ||    34
       Ration            |       |       |       |     2 ||     2
Armor: Scale mail        |    82 |    85 |   121 |    68 ||   356
       Robe              |       |       |     1 |     9 ||    10
Dodge: Dodged            |    40 |    71 |    93 |    81 ||   285
Block: Shield            |    76 |   134 |   322 |   280 ||   812
       Reflection        |       |     1 |     4 |     8 ||    13
       Rpst.: Long sword |    11 |    16 |    25 |     3 ||    55
       Scimitar          |       |       |       |    12 ||    12
       Demon blade       |       |       |       |     3 ||     3
